 Dungeon Crawl Stone Soup version 0.24-a0-581-gc0fa6600bf (webtiles) character file.

Game seed: 16720402275456553022

160 Eightlegvermin the Insei (level 5, 9/33 HPs)
             Began as an Octopode Transmuter on Aug 25, 2019.
             Quit the game on level 5 of the Dungeon.
             The game lasted 00:08:38 (2737 turns).

Eightlegvermin the Insei (Octopode Transmuter)      Turns: 2737, Time: 00:08:39

Health: 9/33       AC:  1    Str:  9    XL:     5   Next: 41%
Magic:  8/8        EV: 13    Int: 15    God:
Gold:   68         SH:  0    Dex: 14    Spells: 2/8 levels left

rFire    . . .     SeeInvis .     - Unarmed
rCold    + . .     Gourm    .   (no shield)
rNeg     . . .     Faith    .   (helmet restricted)
rPois    .         Spirit   .   (no amulet)
rElec    .         Reflect  .   h - ring of protection from cold
rCorr    .         Harm     .   (no ring)
MR       .....                  (no ring)
Stlth    +++.......             (no ring)
HPRegen  0.11/turn              (no ring)
MPRegen  0.11/turn              (no ring)
                                (no ring)
                                (no ring)

@: lethally poisoned (9 -> -2)
A: almost no armour, stealthy swim, amphibious, 8 rings, constrict 8, camouflage
1, gelatinous body 1
a: no special abilities


You were on level 5 of the Dungeon.
You were not hungry.

You visited 1 branch of the dungeon, and saw 4 of its levels.

You collected 68 gold pieces.

Inventory:

Hand Weapons
 o - a +0 spear
Missiles
 a - 33 arrows
Jewellery
 h - a ring of protection from cold (left tentacle)
Wands
 f - a wand of polymorph (8)
 j - a wand of digging (5)
 n - a wand of random effects (8)
Scrolls
 d - 2 scrolls of blinking {unknown}
 e - 5 scrolls of identify {unknown}
 g - 3 scrolls of teleportation {unknown}
 k - 2 scrolls of enchant weapon {unknown}
 l - a scroll of magic mapping {unknown}
 m - a scroll of enchant armour {unknown}
Potions
 b - 2 potions of flight {unknown}
 i - a potion of degeneration {unknown}
Comestibles
 c - 5 rations
 p - 7 chunks of flesh


   Skills:
 - Level 1.0 Fighting
 - Level 2.1 Dodging
 - Level 3.0 Stealth
 + Level 3.9 Unarmed Combat
 - Level 2.1 Spellcasting
 * Level 3.5 Transmutations
 + Level 1.6 Poison Magic


You had 2 spell levels left.
You knew the following spells:

 Your Spells              Type           Power        Failure   Level  Hunger
a - Beastly Appendage     Tmut           ##....       5%          1    #......
b - Sticks to Snakes      Tmut           ##......     8%          2    ###....
c - Spider Form           Tmut/Pois      #.........   22%         3    ###....

Your spell library contained the following spells:

 Spells                   Type           Power        Failure   Level  Hunger
 Ice Form                 Ice/Tmut       #.......     71%         4    #####..
 Blade Hands              Tmut           ##........   82%         5    ######.


Dungeon Overview and Level Annotations

Branches:
Dungeon (3/15)

Altars:
Nemelex Xobeh
Okawaru
Wu Jian


Innate Abilities, Weirdness & Mutations

You cannot wear most types of armour.
You are very stealthy in the water. (Stealth+)
You are amphibious.
You can wear up to eight rings at the same time.
You can use your tentacles to constrict eight enemies at once.
Your skin changes colour to match your surroundings (Stealth+).
Your rubbery body absorbs attacks. (AC +1, EV +1)


Message History

An orc comes into view. It is wielding a +0 club.
You feel sick. The adder closely misses you.
You feel sick. The adder bites you.
An orc comes into view. It is wielding a +0 dagger.
You tentacle-slap the adder. Your grab misses the adder.
The adder is moderately wounded.
You feel sick. The adder closely misses you.
You tentacle-slap the adder. Your grab misses the adder.
The adder is heavily wounded.
The orc shouts!
The adder bites you.
You are more poisoned.
The adder poisons you!
An orc comes into view. It is wielding a +0 dagger.
The adder bites you.
* * * LOW HITPOINT WARNING * * *
The adder misses you.
Quiver which item? (- for none, * to show all) (? for menu, Esc to quit)
Okay, then.
Are you sure you want to abandon this character and quit the game? (Confirm with "yes".)

.o. o.. ... ###o# ....
..# .#...# #.##
.....#. #####@S#
........ #...#S##
####.......
#...!Z####..........#.
##...5.#.#....#.....#.
####....#......# ....
#...5.....$.##..#.
####......!.......
#.$...............
#...####.....(##..


You could see a crimson imp, 2 adders, 3 orcs and an adder skeleton.

Vanquished Creatures
  An orc wizard (D:3)
  A gnoll (D:2)
  5 adders
  2 oozes (D:1)
  4 dart slugs
  5 orcs
  2 bats
  2 giant cockroaches (D:2)
  12 goblins
  5 hobgoblins (D:2)
  2 jackals (D:2)
  5 kobolds
  A ball python (D:1)
  4 frilled lizards
  10 rats
61 creatures vanquished.

Notes
Turn   | Place    | Note
-------+----------+-------------------------------------------
     0 | D:1      | Eightlegvermin the Octopode Transmuter began the quest for
                  | the Orb.
     0 | D:1      | Reached XP level 1. HP: 13/13 MP: 3/3
   379 | D:1      | Reached XP level 2. HP: 18/18 MP: 3/5
   431 | D:1      | Learned a level 2 spell: Sticks to Snakes
   452 | D:1      | Reached skill level 1 in Stealth
   614 | D:1      | Reached XP level 3. HP: 21/23 MP: 4/6
   882 | D:2      | Found a sparkling altar of Nemelex Xobeh.
  1383 | D:2      | Reached XP level 4. HP: 28/28 MP: 5/7
  1400 | D:2      | Learned a level 3 spell: Spider Form
  1902 | D:2      | Found an ornate altar of the Wu Jian Council.
  2016 | D:2      | Found an iron altar of Okawaru.
  2044 | D:2      | Reached skill level 1 in Poison Magic
  2503 | D:3      | Reached XP level 5. HP: 33/33 MP: 6/8
  2707 | D:3      | You fall into a shaft and drop 2 floors!
  2707 | D:5      | Entered Level 5 of the Dungeon
  2737 | D:5      | Quit the game

Levels and vault maps discovered:
D:1:      enne_arrival_octagon_isle, layout_basic
D:2:      layout_basic, nemelex_xobeh_ov_fountains_minmay, lemuel_round_altar,
          first_ration, hangedman_decor_peaks_small, minmay_misc_feat_x,
          okawaru_altar_gauntlet_db
D:3:      layout_rooms
D:5:      layout_cave_pools, minmay_misc_feat_four_crosses, hex_medium

Skill      XL: |  1  2  3  4 |
---------------+-------------+-----
Stealth        | 1 3 |  3.0
Transmutations | 3 |  3.5
Poison Magic   | 1 |  1.6
Fighting       | |  1.0
Dodging        | |  2.1
Unarmed Combat | |  3.9
Spellcasting   | |  2.1

Action                   |  1- 3 |  4- 6 || total
-------------------------+-------+-------++-------
Melee: Unarmed           |    60 |    62 ||   122
       Constrict         |    20 |    18 ||    38
       Kick              |    19 |    17 ||    36
       Tentacles         |     9 |     8 ||    17
       Punch             |     1 |     1 ||     2
 Cast: Beastly Appendage |    22 |    14 ||    36
       Spider Form       |       |     2 ||     2
 Stab: Sleeping          |    10 |     3 ||    13
  Eat: Chunk             |     2 |     5 ||     7
Armor: Skin              |     1 |     3 ||     4
Dodge: Dodged            |    23 |    52 ||    75

Table legend:
 A = Non-vault XP
 B = Vault XP
 C = Vault XP percentage of total XP
 D = Non-vault monster count
 E = Vault monster count
 F = Vault count percentage of total count
                 A         B        C        D         E       F
            +---------+---------+-------+---------+---------+-------
      Total |     205 |      24 |  10.5 |      55 |       6 |   9.8
            +---------+---------+-------+---------+---------+-------
        D:1 |      39 |       0 |   0.0 |      17 |       0 |   0.0
        D:2 |      76 |      24 |  24.0 |      22 |       6 |  21.4
        D:3 |      90 |       0 |   0.0 |      16 |       0 |   0.0
            +---------+---------+-------+---------+---------+-------
